Map: Shadowed Jungle

Players

TwoCanDan

  • Race: Terran Terran
  • League: Gold
  • Spawn Location: 5:00

FraKing

  • Race: Terran Terran
  • Spawn Location: 7:00

Metasapien - Winner!

  • Race: Zerg Zerg
  • League: Platinum
  • Spawn Location: 1:00

Kswiss - Winner!

  • Race: Protoss Protoss
  • League: Silver
  • Spawn Location: 11:00

VOD

Have the link to the VOD?

Description

Time

  • Played on: Sept. 22, 2017, 11:01 p.m.
  • Length: 10:31
Show
View Real Time Build Order
Export as new Build Order

TwoCanDan Terran 

Build Orders:  

Get SALT Encoding   

  12  0:01  SCV  
  13  0:13  SCV  
  14  0:18  Supply Depot  
  14  0:25  SCV  
  15  0:31  Refinery  
  15  0:40  SCV  
  16  0:47  Barracks  
  16  0:52  SCV  
  18  1:04  SCV  
  18  1:12  Barracks  
  18  1:16  SCV  
  19  1:24  Supply Depot  
  19  1:28  SCV  
  20  1:39  Refinery  
  20  1:46  Orbital Command  
  20  1:54  Barracks Reactor  
  20  2:04  Engineering Bay  
  20  2:05  Reaper  
  21  2:15  SCV  
  22  2:28  Factory  
  22  2:31  Reaper x2  
  24  2:57  Reaper  
  25  3:03  Reaper x2  
  27  3:38  Reaper  
  27  3:39  Reaper x2  
  27  3:40  SCV  
  31  3:42  Terran Infantry Weapons Level 1  
  31  3:47  Command Center  
  31  3:50  Missile Turret  
  31  3:59  Missile Turret  
  30  4:11  Reaper  
  30  4:13  Reaper  
  29  4:38  Reaper  
  29  4:43  Reaper  
  31  4:51  Reaper  
  26  5:24  Barracks Reactor  
  26  5:25  Hellion  
  27  5:45  Missile Turret  
  26  5:53  Missile Turret  
  24  6:13  Missile Turret  
  23  6:30  Cyclone  
  17  7:02  Cyclone  
  17  7:03  Marine x2  
  2  8:37  SCV  
  3  9:06  SCV  
  4  9:10  Engineering Bay  
Show
View Real Time Build Order
Export as new Build Order

FraKing Terran 

Build Orders:  

Get SALT Encoding   

  12  0:01  SCV  
  13  0:15  SCV  
  14  0:23  Supply Depot  
  14  0:27  SCV  
  15  0:36  Refinery  
  15  0:44  SCV  
  15  0:48  Barracks  
  16  0:57  SCV  
  17  1:08  Barracks  
  17  1:12  SCV  
  18  1:24  SCV  
  19  1:36  SCV  
  19  1:37  Supply Depot  
  20  1:41  Reaper  
  21  1:48  SCV  
  21  1:53  Refinery  
  22  1:57  Reaper  
  23  2:09  Engineering Bay  
  23  2:13  Reaper  
  24  2:18  Orbital Command  
  24  2:29  Reaper  
  25  2:45  Missile Turret  
  25  2:47  Missile Turret, SCV  
  25  2:48  Reaper  
  27  3:01  Terran Infantry Armor Level 1, SCV  
  27  3:03  Reaper  
  29  3:14  Factory  
  29  3:29  SCV  
  29  3:31  Barracks Reactor  
  30  3:47  Reaper  
  31  3:54  SCV  
  32  4:00  Factory Tech Lab  
  32  4:01  Supply Depot  
  32  4:03  Factory  
  32  4:16  Missile Turret x2  
  32  4:18  Reaper x2  
  33  4:30  Reaper  
  30  4:48  Command Center  
  30  4:51  Siege Tank  
  33  4:53  Factory Tech Lab  
  32  5:05  Supply Depot  
  31  5:10  Reaper x2  
  33  5:20  Barracks Tech Lab  
  30  5:40  Combat Shields  
  30  5:41  Marine  
  31  5:43  Marine x2  
  31  5:49  SCV  
  34  5:59  Marine  
  35  6:07  Marine x2  
  37  6:27  Marine x2  
  34  6:44  Marine  
  34  6:45  Marine x2  
  37  6:51  Siege Tank  
  37  6:53  Siege Tank  
  42  7:10  Marine x2  
  42  7:12  Marine  
  42  7:15  Terran Infantry Weapons Level 1  
  45  7:16  SCV  
  46  7:33  Marine x3  
  49  7:41  Siege Tank  
  52  7:51  Marine x2  
  47  8:11  Starport  
  47  8:12  Starport  
  47  8:13  Siege Tank  
  50  8:27  Marine x2  
  52  8:42  Missile Turret  
  52  8:45  Missile Turret  
  52  8:52  Missile Turret  
  52  9:08  Missile Turret x2  
  52  9:13  Missile Turret  
  52  9:14  Starport Reactor x2  
  52  9:15  Missile Turret x3  
  52  9:16  Missile Turret  
  42  9:43  Marine x3  
  39  9:52  Viking x2  
  32  10:01  Marine x2  
  32  10:10  Missile Turret  
  32  10:11  Missile Turret  
Show
View Real Time Build Order
Export as new Build Order

Metasapien Zerg - Winner!

Build Orders: Pool First 

Get SALT Encoding   

  12  0:02  Drone  
  13  0:25  Spawning Pool  
  13  0:27  Drone  
  13  0:31  Extractor  
  13  0:34  Drone  
  13  0:41  Overlord  
  13  0:47  Drone  
  14  1:01  Drone  
  15  1:05  Drone  
  16  1:15  Drone  
  17  1:30  Hatchery  
  16  1:34  Zergling x2  
  16  1:38  Drone  
  18  1:45  Drone  
  19  1:49  Metabolic Boost  
  19  2:01  Drone  
  20  2:20  Drone  
  21  2:24  Hatchery  
  21  2:27  Overlord  
  20  2:47  Drone, Queen  
  22  2:52  Zergling x4  
  24  2:59  Spine Crawler  
  23  3:07  Queen  
  25  3:16  Drone x2  
  25  3:17  Drone  
  28  3:23  Drone  
  29  3:31  Drone  
  30  3:35  Extractor  
  30  3:36  Drone x3  
  32  3:42  Drone  
  33  3:59  Drone  
  33  4:00  Drone, Queen  
  33  4:01  Drone x3  
  40  4:12  Zergling x6  
  40  4:13  Zergling x2  
  40  4:15  Zergling x2  
  31  4:40  Zergling x12  
  31  4:41  Zergling x6  
  40  4:52  Spine Crawler  
  33  5:08  Drone x2  
  33  5:09  Drone x2  
  37  5:23  Drone x3  
  37  5:27  Drone  
  41  5:34  Overlord x2  
  41  5:35  Overlord  
  41  5:47  Roach Warren  
  41  5:48  Drone  
  41  5:49  Drone, Extractor x2  
  40  5:52  Queen  
  40  5:56  Drone  
  43  5:58  Drone x3  
  46  6:06  Drone  
  46  6:08  Drone x3  
  50  6:22  Drone  
  50  6:23  Lair  
  50  6:38  Lair  
  49  6:40  Roach x4  
  49  6:41  Overlord, Roach x3  
  49  6:42  Overlord x2  
  58  7:09  Roach x2  
  58  7:10  Drone x2  
  58  7:11  Drone  
  58  7:12  Drone x2  
  67  7:26  Hydralisk Den  
  66  7:30  Drone x3  
  66  7:34  Drone x4  
  73  7:38  Overlord x3, Extractor x2  
  73  7:39  Overlord  
  71  7:49  Nydus Network, Overseer  
  70  7:57  Pneumatized Carapace  
  70  8:03  Hydralisk x4  
  70  8:04  Roach x3  
  84  8:13  Drone x2  
  84  8:14  Drone  
  86  8:31  Hydralisk x3  
  86  8:32  Roach x4, Hydralisk  
  102  8:44  Glial Reconstitution  
  102  8:48  Drone  
  102  8:49  Drone x2  
  102  8:51  Drone x4  
  102  8:55  Roach x2, Hydralisk x2  
  117  8:56  Overlord  
  117  9:03  Hatchery  
  116  9:20  Nydus Canal  
  116  9:33  Roach, Hydralisk x2  
  116  9:34  Overlord x3, Hydralisk x2, Roach  
  116  9:35  Roach  
  120  9:55  Nydus Canal  
Show
View Real Time Build Order
Export as new Build Order

Kswiss Protoss - Winner!

Build Orders:  

Get SALT Encoding   

  12  0:02  Probe (Chrono Boost)  
  13  0:13  Probe (Chrono Boost)  
  14  0:23  Probe (Chrono Boost)  
  15  0:34  Pylon  
  15  0:52  Probe (Chrono Boost)  
  15  0:54  Gateway  
  16  1:00  Forge  
  16  1:03  Probe (Chrono Boost), Assimilator  
  17  1:14  Probe (Chrono Boost)  
  18  1:24  Probe (Chrono Boost)  
  19  1:27  Pylon  
  19  1:40  Photon Cannon  
  19  1:45  Probe (Chrono Boost)  
  20  1:49  Cybernetics Core  
  20  1:53  Pylon  
  20  1:56  Probe (Chrono Boost)  
  20  1:57  Assimilator  
  21  2:03  Zealot  
  23  2:16  Photon Cannon  
  23  2:28  Photon Cannon  
  23  2:30  Probe (Chrono Boost)  
  24  2:41  Probe (Chrono Boost)  
  25  2:50  Warp Gate (Chrono Boost)  
  25  3:02  Probe  
  26  3:13  Stargate  
  26  3:22  Nexus  
  24  3:43  Photon Cannon  
  24  3:52  Pylon  
  24  4:02  Photon Cannon  
  27  4:03  Void Ray  
  28  4:20  Pylon  
  28  4:21  Stargate  
  28  4:46  Void Ray (Chrono Boost)  
  32  5:02  Protoss Air Weapons Level 1  
  32  5:04  Probe  
  33  5:09  Photon Cannon  
  33  5:14  Probe  
  34  5:21  Void Ray (Chrono Boost)  
  34  5:25  Probe  
  39  5:35  Probe  
  40  5:46  Probe  
  41  6:12  Void Ray (Chrono Boost)  
  41  6:18  Void Ray (Chrono Boost)  
  49  6:59  Void Ray (Chrono Boost)  
  57  7:05  Void Ray (Chrono Boost)  
  57  7:06  Probe  
  58  7:09  Assimilator  
  58  7:17  Probe  
  59  7:27  Probe  
  60  7:38  Probe  
  61  7:48  Probe  
  58  8:07  Void Ray (Chrono Boost)  
  58  8:12  Stargate  
  66  8:14  Void Ray (Chrono Boost)  
  66  8:17  Probe  
  67  8:23  Assimilator  
  67  8:28  Probe  
  68  8:38  Probe  
  69  8:49  Probe, Pylon  
  69  8:50  Pylon x2  
  69  8:53  Pylon  
  70  9:05  Probe  
  71  9:11  Void Ray (Chrono Boost)  
  71  9:14  Nexus  
  79  9:17  Void Ray (Chrono Boost)  
  75  10:03  Assimilator  
  75  10:07  Assimilator  
  75  10:08  Probe  
  75  10:09  Pylon  
  76  10:18  Probe  
Tags
 
Add a new tag
Caveats
  • Supply blocks, unpowered buildings, or Contaminate may cause inaccurate times.
  • Supply counts are checked every 10 seconds.